 Dungeon Crawl Stone Soup version 0.13-a0-2942-g3a822f8 (webtiles) character file.

193 M4edhros the Poker (level 4, -1/30 HPs)
             Began as an Octopode Death Knight on Sept 5, 2013.
             Was a Follower of Yredelemnul.
             Slain by an orc
             ... wielding a +0,+1 orcish hand axe
              (4 damage)
             ... while paralysed by a potion of paralysis
             ... on Level 3 of the Dungeon.
             The game lasted 00:02:06 (1462 turns).

M4edhros the Poker (Octopode Death Knight)          Turns: 1462, Time: 00:02:06

HP  -1/30        AC  1     Str 12      XL: 4   Next: 25%
MP   7/7         EV  2     Int 14      God: Yredelemnul [*.....]
Gold 121         SH  0     Dex 11      Spells:  0 memorised,  3 levels left

Res.Fire  : . . .   See Invis. : .   h - +0 halberd
Res.Cold  : . . .   Warding    : .   (no shield)
Life Prot.: + . .   Conserve   : .   (helmet restricted)
Res.Poison: .       Res.Corr.  : .   (no amulet)
Res.Elec. : .       Clarity    : .   s - ring of positive energy {unknown}
Sust.Abil.: . .     Spirit.Shd : .   (no ring)
Res.Mut.  : .       Stasis     : .   (no ring)
Res.Rott. : .       Flight     : .   (no ring)
Saprovore : . . .                    (no ring)
                                     (no ring)
                                     (no ring)
                                     (no ring)

@: paralysed, slightly resistant to hostile enchantments, fairly stealthy
A: almost no armour, amphibious, 8 rings, constrict 8, camouflage 1, AC +1
a: Animate Remains, Renounce Religion


You were on level 3 of the Dungeon.
You worshipped Yredelemnul.
Yredelemnul was most pleased with you.
You were near starving.

You visited 1 branch of the dungeon, and saw 3 of its levels.

You collected 101 gold pieces.

Inventory:

Hand weapons
 a - a +1,+1 spear {=f}
 h - a +0,+0 halberd (weapon)
Comestibles
 c - 4 bread rations
 i - a lemon
Scrolls
 b - 2 scrolls of remove curse {unknown}
 d - a scroll of blinking
 k - a scroll of curse weapon {unknown}
 l - a scroll of magic mapping {unknown}
 m - a scroll of noise {unknown}
 p - a scroll of enchant weapon I {unknown}
 q - a scroll of teleportation {unknown}
Jewellery
 s - a ring of positive energy (left tentacle) {unknown}
Potions
 f - 3 potions of magic
 g - 3 potions of curing
 n - a potion of agility {unknown}
 o - 2 potions of speed {unknown}
 r - a potion of slowing {unknown}
 t - a potion of flight {unknown}


   Skills:
 - Level 2.0 Fighting
 + Level 4.4 Polearms
 - Level 1.5 Dodging
 - Level 3.0 Invocations


You had 3 spell levels left.
You didn't know any spells.

Dungeon Overview and Level Annotations

Branches:
Dungeon (3/27)

Altars:
Fedhas
the Shining One


Innate Abilities, Weirdness & Mutations

You cannot wear most types of armour.
You are amphibious.
You can wear up to eight rings at the same time.
You can use your tentacles to constrict many enemies at once.
Your skin changes colour to match your surroundings (Stlth).
Your rubbery body absorbs attacks (AC +1).


Message History

Drink which item? (? for menu, Esc to quit)
You feel better.
It was a potion of curing.
You constrict the adder.
You kill the adder!
Yredelemnul accepts your kill.
The orc wizard gestures wildly while chanting.
The orc wizard seems to speed up.
The orc wizard hits you with an orcish dagger.
Drink which item? (? for menu, Esc to quit)
You suddenly lose the ability to move!
It was a potion of paralysis.
The orc wizard mumbles some strange words.
The orc wizard blinks!
The orc wizard hits you with an orcish dagger.
* * * LOW HITPOINT WARNING * * *
The orc shouts loudly.
The orc wizard hits you with an orcish dagger.
* * * LOW HITPOINT WARNING * * *
The orc wizard completely misses you.
The orc hits you with an orcish hand axe.
You die...
Your body rises from the dead as a mindless zombie.

...........
#........#
..(.........
##########
...........#
...........# .#
...........###.##
#................
...............######
...............#....#
.............>##@##.#
#####.##......Koo...#
###.#.ยง......#.####
+......#..^(o#.#
###......#..[#.#
.....##.#...#.#
#.#..........##.# #
#..........##.#
#....o.....##.#


You could see 2 orc wizards, an orc and a kobold.

Vanquished Creatures
  A gnoll (D:1)
  2 adders
  2 giant mites
  A ball python (D:1)
  6 goblins
  2 hobgoblins
  10 bats
  4 kobolds
  4 rats
32 creatures vanquished.

Notes
Turn   | Place    | Note
--------------------------------------------------------------
     0 | D:1      | M4edhros, the Octopode Death Knight, began the quest for the Orb.
     0 | D:1      | Reached XP level 1. HP: 14/14 MP: 2/2
     8 | D:1      | Reached XP level 2. HP: 19/19 MP: 4/4
   141 | D:1      | Reached XP level 3. HP: 13/24 MP: 5/5
   796 | D:2      | Found a blossoming altar of Fedhas.
  1033 | D:2      | Reached skill level 4 in Polearms
  1060 | D:2      | Found a glowing golden altar of the Shining One.
  1161 | D:2      | Reached XP level 4. HP: 23/30 MP: 7/7
  1460 | D:3      | Paralysed by a potion of paralysis for 3 turns
  1462 | D:3      | Slain by an orc

Action                   |  1- 3 |  4- 6 || total
-------------------------+-------+-------++-------
Melee: Spear             |    22 |       ||    22
       Halberd           |    48 |     7 ||    55
  Use: Scroll            |       |     3 ||     3
       Potion            |       |     3 ||     3
 Stab: Sleeping          |     5 |       ||     5
